TOP OF THE 1ST |
Watertown Headhunters batting - Pitching for Ontario Emus : RHP Alejandro Hernández
|
Pitching: RHP Alejandro Hernández
|
|
Batting: RHB Luis Montoya
|
0-0: Ball 1-0: Foul Ball, location: 2F 1-1: Ball 2-1: Ball 3-1: Base on Balls
|
Batting: RHB Daniel Martínez
|
0-0: Called Strike 0-1: Swinging Strike 0-2: Ball 1-2: Ball 2-2: Ball 3-2: Foul Ball, location: 2F 3-2: SINGLE (Line Drive, 6MD) Luis Montoya to second Luis Montoya to third
|
Batting: RHB Lorenzo Ayala
|
0-0: Ball 1-0: DOUBLE (Line Drive, 78XD) Luis Montoya scores Daniel Martínez to third
|
Batting: LHB Robin Jamieson
|
0-0: Ball 1-0: SINGLE (Groundball, 25) (infield hit)
|
Batting: RHB Ira Ross
|
0-0: Fly out, F9 (Flyball, 89M) Runner from 3rd tags up, SCORES, throw made
|
Batting: LHB Jorge Luna
|
0-0: Ball Lorenzo Ayala steals 3rd base Robin Jamieson to second 1-0: Called Strike 1-1: Ball 2-1: Foul Ball, location: 2F 2-2: Foul Ball, location: 2F 2-2: Foul Ball, location: 2F 2-2: Ball 3-2: Strikes out swinging
|
Batting: LHB Wally Harris
|
0-0: Ball 1-0: Foul Ball, location: 2F 1-1: Swinging Strike 1-2: Strikes out swinging
|
Top of the 1st over - 2 run(s), 3 hit(s), 0 error(s), 2 left on base; Watertown 2 - Ontario 0 |
BOTTOM OF THE 1ST |
Ontario Emus batting - Pitching for Watertown Headhunters : LHP Michael Stewart
|
Pitching: LHP Michael Stewart
|
|
Batting: RHB Álex Ochoa
|
0-0: Ball 1-0: Ground out 4-3 (Groundball, 4)
|
Batting: RHB James Hunter
|
0-0: Called Strike 0-1: Ground out 6-3 (Groundball, 6M)
|
Batting: RHB Ánibal Soto
|
0-0: Ball 1-0: Swinging Strike 1-1: Ground out 5-3 (Groundball, 56)
|
Bottom of the 1st over - 0 run(s), 0 hit(s), 0 error(s), 0 left on base; Watertown 2 - Ontario 0 |
TOP OF THE 2ND |
Watertown Headhunters batting - Pitching for Ontario Emus : RHP Alejandro Hernández
|
Batting: RHB Luis Ortega
|
0-0: Fly out, F8 (Flyball, 8RM)
|
Batting: RHB José Maldonado
|
0-0: Called Strike 0-1: Ball 1-1: Ground out 4-3 (Groundball, 4)
|
Batting: RHB Luis Montoya
|
0-0: Called Strike 0-1: Reached on error, E6 (Groundball, 6)
|
Batting: RHB Daniel Martínez
|
0-0: Ball Luis Montoya steals 2nd base 1-0: Ball 2-0: Ball 3-0: Called Strike 3-1: Base on Balls
|
Batting: RHB Lorenzo Ayala
|
0-0: Ball 1-0: Ball 2-0: Called Strike 2-1: SINGLE (Line Drive, 6D) Luis Montoya to third Daniel Martínez to second Runner from 3rd tries for Home, SAFE, no throw or cutoff
|
Batting: LHB Robin Jamieson
|
0-0: Ball 1-0: Swinging Strike 1-1: Foul Ball, location: 2F 1-2: Ball 2-2: Strikes out swinging
|
Top of the 2nd over - 1 run(s), 1 hit(s), 1 error(s), 2 left on base; Watertown 3 - Ontario 0 |
BOTTOM OF THE 2ND |
Ontario Emus batting - Pitching for Watertown Headhunters : LHP Michael Stewart
|
Batting: RHB Júlio Colón
|
0-0: Ball 1-0: SINGLE (Flyball, 9LS)
|
Batting: RHB Álex Martínez
|
0-0: Foul Ball, location: 2F 0-1: Fly out, F8 (Line Drive, 8RM)
|
Batting: RHB Albert Galindo
|
0-0: SINGLE (Line Drive, 6MD) Júlio Colón to second
|
Batting: LHB Dave Raines
|
0-0: SINGLE (Line Drive, 8RS) Júlio Colón to third Albert Galindo to second
|
Batting: RHB John Robertson
|
0-0: Called Strike 0-1: Fly out, F9 (Line Drive, 9S)
|
Batting: LHB Elvin Summers
|
0-0: Swinging Strike 0-1: Called Strike 0-2: Strikes out swinging
|
Bottom of the 2nd over - 0 run(s), 3 hit(s), 0 error(s), 3 left on base; Watertown 3 - Ontario 0 |
TOP OF THE 3RD |
Watertown Headhunters batting - Pitching for Ontario Emus : RHP Alejandro Hernández
|
Batting: RHB Ira Ross
|
0-0: Ball 1-0: Foul Ball, location: 2F 1-1: Called Strike 1-2: Strikes out swinging
|
Batting: LHB Jorge Luna
|
0-0: Ground out U3 (Groundball, 3L)
|
Batting: LHB Wally Harris
|
0-0: Called Strike 0-1: Called Strike 0-2: Foul Ball, location: 2F 0-2: Foul Ball, location: 2F 0-2: Ball 1-2: Strikes out swinging
|
Top of the 3rd over - 0 run(s), 0 hit(s), 0 error(s), 0 left on base; Watertown 3 - Ontario 0 |
BOTTOM OF THE 3RD |
Ontario Emus batting - Pitching for Watertown Headhunters : LHP Michael Stewart
|
Batting: RHB Álex Ochoa
|
0-0: Swinging Strike 0-1: Swinging Strike 0-2: Foul Ball, location: 2F 0-2: Strikes out swinging
|
Batting: RHB James Hunter
|
0-0: Ball 1-0: Fly out, F9 (Flyball, 9LM)
|
Batting: RHB Ánibal Soto
|
0-0: Ball 1-0: Ball 2-0: Foul Ball, location: 2F 2-1: Swinging Strike 2-2: DOUBLE (Flyball, 9LM)
|
Batting: RHB Júlio Colón
|
0-0: Ball 1-0: Ground out 6-3 (Groundball, 6)
|
Bottom of the 3rd over - 0 run(s), 1 hit(s), 0 error(s), 1 left on base; Watertown 3 - Ontario 0 |
TOP OF THE 4TH |
Watertown Headhunters batting - Pitching for Ontario Emus : RHP Alejandro Hernández
|
Batting: RHB Luis Ortega
|
0-0: Ball 1-0: Ground out 6-3 (Groundball, 6)
|
Batting: RHB José Maldonado
|
0-0: TRIPLE (Flyball, 9LM)
|
Batting: RHB Luis Montoya
|
0-0: Ball 1-0: Ball 2-0: Called Strike 2-1: Fly out, F3 (Popup, 3SF)
|
Batting: RHB Daniel Martínez
|
0-0: Foul Ball, location: 2F 0-1: Ball 1-1: Ball 2-1: Called Strike 2-2: Strikes out swinging
|
Top of the 4th over - 0 run(s), 1 hit(s), 0 error(s), 1 left on base; Watertown 3 - Ontario 0 |
BOTTOM OF THE 4TH |
Ontario Emus batting - Pitching for Watertown Headhunters : LHP Michael Stewart
|
Batting: RHB Álex Martínez
|
0-0: Swinging Strike 0-1: Ball 1-1: Foul Ball, location: 2F 1-2: Ground out 5-3 (Groundball, 56)
|
Batting: RHB Albert Galindo
|
0-0: Foul Ball, location: 2F 0-1: Foul Ball, location: 2F 0-2: Ball 1-2: Strikes out swinging
|
Batting: LHB Dave Raines
|
0-0: Foul Ball, location: 2F 0-1: Ball 1-1: Ball 2-1: Foul Ball, location: 2F 2-2: Ball 3-2: Ground out U3 (Groundball, 3S)
|
Bottom of the 4th over - 0 run(s), 0 hit(s), 0 error(s), 0 left on base; Watertown 3 - Ontario 0 |
TOP OF THE 5TH |
Watertown Headhunters batting - Pitching for Ontario Emus : RHP Alejandro Hernández
|
Batting: RHB Lorenzo Ayala
|
0-0: Fly out, F9 (Flyball, 9LS)
|
Batting: LHB Robin Jamieson
|
0-0: Ball 1-0: Fly out, F8 (Line Drive, 8LM)
|
Batting: RHB Ira Ross
|
0-0: Ball 1-0: Ball 2-0: Ball 3-0: Called Strike 3-1: Foul Ball, location: 2F 3-2: Strikes out looking
|
Top of the 5th over - 0 run(s), 0 hit(s), 0 error(s), 0 left on base; Watertown 3 - Ontario 0 |
BOTTOM OF THE 5TH |
Ontario Emus batting - Pitching for Watertown Headhunters : LHP Michael Stewart
|
Batting: RHB John Robertson
|
0-0: Called Strike 0-1: Ball 1-1: Swinging Strike 1-2: Strikes out swinging
|
Batting: LHB Elvin Summers
|
0-0: Ground out 4-3 (Groundball, 4M)
|
Batting: RHB Álex Ochoa
|
0-0: Called Strike 0-1: Ball 1-1: SINGLE (Groundball, 56D)
|
Batting: RHB James Hunter
|
0-0: TRIPLE (Line Drive, 78M) Álex Ochoa scores
|
Batting: RHB Ánibal Soto
|
0-0: Ball 1-0: SINGLE (Groundball, 4D) James Hunter scores
|
Batting: RHB Júlio Colón
|
0-0: Ball 1-0: Foul Ball, location: 2F 1-1: SINGLE (Line Drive, 89S) Ánibal Soto to second
|
Batting: RHB Álex Martínez
|
0-0: Swinging Strike 0-1: Foul Ball, location: 2F 0-2: Strikes out swinging
|
Bottom of the 5th over - 2 run(s), 4 hit(s), 0 error(s), 2 left on base; Watertown 3 - Ontario 2 |
TOP OF THE 6TH |
Watertown Headhunters batting - Pitching for Ontario Emus : RHP Alejandro Hernández
|
Pitching: LHP José Aragón
|
|
Batting: LHB Jorge Luna
|
0-0: Ball 1-0: Foul Ball, location: 2F 1-1: Ground out 6-3 (Groundball, 6M)
|
Pitching: RHP Héctor Villegas
|
|
Batting: LHB Wally Harris
|
0-0: Foul Ball, location: 2F 0-1: Ground out 6-3 (Groundball, 6M)
|
Batting: RHB Luis Ortega
|
0-0: Called Strike 0-1: Swinging Strike 0-2: Ball 1-2: Strikes out looking
|
Top of the 6th over - 0 run(s), 0 hit(s), 0 error(s), 0 left on base; Watertown 3 - Ontario 2 |
BOTTOM OF THE 6TH |
Ontario Emus batting - Pitching for Watertown Headhunters : LHP Michael Stewart
|
Batting: RHB Albert Galindo
|
0-0: Swinging Strike 0-1: Swinging Strike 0-2: Foul Ball, location: 2F 0-2: Strikes out swinging
|
Batting: LHB Dave Raines
|
0-0: Ball 1-0: Ball 2-0: Called Strike 2-1: Fly out, F9 (Flyball, 89D)
|
Batting: RHB John Robertson
|
0-0: Ball 1-0: Ball 2-0: SINGLE (Groundball, 6M)
|
Batting: LHB Elvin Summers
|
0-0: Ball 1-0: Called Strike 1-1: SINGLE (Line Drive, 4MD) John Robertson to second
|
Batting: RHB Álex Ochoa
|
0-0: Foul Ball, location: 2F 0-1: Ground out 3-1 (Groundball, 34)
|
Bottom of the 6th over - 0 run(s), 2 hit(s), 0 error(s), 2 left on base; Watertown 3 - Ontario 2 |
TOP OF THE 7TH |
Watertown Headhunters batting - Pitching for Ontario Emus : RHP Héctor Villegas
|
Batting: RHB José Maldonado
|
0-0: Ball 1-0: Ground out 1-3 (Groundball, 13S)
|
Batting: RHB Luis Montoya
|
0-0: Called Strike 0-1: Ball 1-1: Ball 2-1: SINGLE (Line Drive, 8LS)
|
Batting: RHB Daniel Martínez
|
0-0: Ball 1-0: Called Strike 1-1: Called Strike 1-2: Grounds into double play, 4-6-3 (Groundball, 4)
|
Top of the 7th over - 0 run(s), 1 hit(s), 0 error(s), 0 left on base; Watertown 3 - Ontario 2 |
BOTTOM OF THE 7TH |
Ontario Emus batting - Pitching for Watertown Headhunters : LHP Michael Stewart
|
Pitching: RHP Rob Woods
|
|
Batting: RHB James Hunter
|
0-0: Called Strike 0-1: Swinging Strike 0-2: Foul Ball, location: 2F 0-2: Ball 1-2: Strikes out looking
|
Batting: RHB Ánibal Soto
|
0-0: Ball 1-0: Swinging Strike 1-1: Called Strike 1-2: Strikes out looking
|
Batting: RHB Júlio Colón
|
0-0: Foul Ball, location: 2F 0-1: Ball 1-1: Swinging Strike 1-2: Strikes out swinging
|
Bottom of the 7th over - 0 run(s), 0 hit(s), 0 error(s), 0 left on base; Watertown 3 - Ontario 2 |
TOP OF THE 8TH |
Watertown Headhunters batting - Pitching for Ontario Emus : RHP Héctor Villegas
|
Batting: RHB Lorenzo Ayala
|
0-0: Ball 1-0: Foul Ball, location: 2F 1-1: Ball 2-1: Foul Ball, location: 2F 2-2: DOUBLE (Flyball, 7LD)
|
Batting: LHB Robin Jamieson
|
0-0: Intentional Walk
|
Batting: RHB Ira Ross
|
0-0: Swinging Strike 0-1: Ball 1-1: Called Strike 1-2: Strikes out swinging
|
Pitching: LHP Albert Martin
|
|
Batting: LHB Jorge Luna
|
0-0: Ball Lorenzo Ayala is caught stealing 3rd base Robin Jamieson to second 1-0: Ball 2-0: SINGLE (Groundball, 5D) Robin Jamieson to third Runner from 3rd tries for Home, SAFE, no throw or cutoff
|
Batting: LHB Wally Harris
|
0-0: Called Strike 0-1: Ball 1-1: Fly out, F8 (Flyball, 8LS)
|
Top of the 8th over - 1 run(s), 2 hit(s), 0 error(s), 1 left on base; Watertown 4 - Ontario 2 |
BOTTOM OF THE 8TH |
Ontario Emus batting - Pitching for Watertown Headhunters : RHP Rob Woods
|
Pitching: RHP Vicente Calderón
|
|
Batting: RHB Álex Martínez
|
0-0: Fly out, F5 (Line Drive, 5L)
|
Batting: RHB Albert Galindo
|
0-0: Called Strike 0-1: Ball 1-1: Ball 2-1: Ball 3-1: Foul Ball, location: 2F 3-2: Foul Ball, location: 2F 3-2: Foul Ball, location: 2F 3-2: Strikes out looking
|
Batting: LHB Dave Raines
|
0-0: Called Strike 0-1: Ball 1-1: Ball 2-1: Ball 3-1: Foul Ball, location: 2F 3-2: Strikes out looking
|
Bottom of the 8th over - 0 run(s), 0 hit(s), 0 error(s), 0 left on base; Watertown 4 - Ontario 2 |
TOP OF THE 9TH |
Watertown Headhunters batting - Pitching for Ontario Emus : LHP Albert Martin
|
Pitching: LHP Walt MacKey
|
|
Batting: RHB Luis Ortega
|
0-0: Foul Ball, location: 2F 0-1: Ball 1-1: Ground out 4-3 (Groundball, 4)
|
Batting: RHB José Maldonado
|
0-0: Foul Ball, location: 2F 0-1: Ball 1-1: Swinging Strike 1-2: Strikes out looking
|
Batting: RHB Luis Montoya
|
0-0: Ball 1-0: Ball 2-0: Ball 3-0: Called Strike Single, Error in OF, E7, batter to second base
|
Batting: RHB Daniel Martínez
|
0-0: Ball 1-0: DOUBLE (Line Drive, 7LM) Luis Montoya scores
|
Batting: RHB Lorenzo Ayala
|
0-0: SINGLE (Groundball, 4M) Daniel Martínez to third Runner from 3rd tries for Home, SAFE, no throw or cutoff
|
Batting: LHB Robin Jamieson
|
0-0: Ball Lorenzo Ayala steals 2nd base 1-0: Called Strike 1-1: 2-RUN HOME RUN (Flyball, 89XD), Distance : 438 ft
|
Pitching: RHP Shaun Harris
|
|
Batting: RHB Ira Ross
|
0-0: Called Strike 0-1: Swinging Strike 0-2: Foul Ball, location: 2F 0-2: Ball 1-2: Foul Ball, location: 2F 1-2: Foul Ball, location: 2F 1-2: Foul Ball, location: 2F 1-2: Hit by Pitch
|
Batting: LHB Jorge Luna
|
0-0: Foul Ball, location: 2F 0-1: Ground out 4-3 (Groundball, 4)
|
Top of the 9th over - 4 run(s), 4 hit(s), 1 error(s), 1 left on base; Watertown 8 - Ontario 2 |
BOTTOM OF THE 9TH |
Ontario Emus batting - Pitching for Watertown Headhunters : RHP Vicente Calderón
|
Pitching: RHP Luis García
|
|
Batting: RHB John Robertson
|
0-0: Foul Ball, location: 2F 0-1: Ball 1-1: Foul Ball, location: 2F 1-2: Ball 2-2: Foul Ball, location: 2F 2-2: Ball 3-2: Foul Ball, location: 2F 3-2: Base on Balls
|
Batting: LHB Elvin Summers
|
0-0: Ball 1-0: Ball 2-0: Called Strike 2-1: Foul Ball, location: 2F 2-2: Strikes out swinging
|
Batting: RHB Álex Ochoa
|
0-0: Ball Wild Pitch! John Robertson to second 1-0: Ball 2-0: Ball 3-0: Base on Balls
|
Batting: RHB James Hunter
|
0-0: Called Strike 0-1: Swinging Strike 0-2: Strikes out swinging
|
Batting: RHB Ánibal Soto
|
0-0: Ball 1-0: Ball 2-0: SINGLE (Groundball, 5D) John Robertson to third Álex Ochoa to second Runner from 3rd tries for Home, throw and OUT!
|
Bottom of the 9th over - 0 run(s), 1 hit(s), 0 error(s), 2 left on base; Watertown 8 - Ontario 2 |
|